TOP OF THE 1ST |
Chula Vista Tacos batting - Pitching for Saskatoon Smokin' Guns : RHP Luis Trujillo
|
Pitching: RHP Luis Trujillo
|
|
Batting: SHB Adrián Nieto
|
0-0: Ball 1-0: Foul Ball, location: 2F 1-1: Foul Ball, location: 2F 1-2: Strikes out looking
|
Batting: RHB Jorge Collazo
|
0-0: Ball 1-0: Ball 2-0: Foul Ball, location: 2F 2-1: Ball 3-1: Base on Balls
|
Batting: RHB Scott Green
|
0-0: Ball 1-0: Fly out, F9 (Line Drive, 89D)
|
Batting: LHB Noriaki Sangi
|
Pickoff Throw to First - Out!
|
Top of the 1st over - 0 run(s), 0 hit(s), 0 error(s), 0 left on base; Chula Vista 0 - Saskatoon 0 |
BOTTOM OF THE 1ST |
Saskatoon Smokin' Guns batting - Pitching for Chula Vista Tacos : RHP Kitahachi Ine
|
Pitching: RHP Kitahachi Ine
|
|
Batting: LHB Andrew Veeck
|
0-0: Ground out 6-3 (Groundball, 6)
|
Batting: RHB Eric Neal
|
0-0: Ground out 6-3 (Groundball, 6M)
|
Batting: LHB Russell Peck
|
0-0: DOUBLE (Line Drive, 5L)
|
Batting: LHB Del Kennedy
|
0-0: Ball 1-0: Called Strike 1-1: Called Strike 1-2: Ball 2-2: Ground out 6-3 (Groundball, 6MS)
|
Bottom of the 1st over - 0 run(s), 1 hit(s), 0 error(s), 1 left on base; Chula Vista 0 - Saskatoon 0 |
TOP OF THE 2ND |
Chula Vista Tacos batting - Pitching for Saskatoon Smokin' Guns : RHP Luis Trujillo
|
Batting: LHB Noriaki Sangi
|
0-0: Swinging Strike 0-1: Hit by Pitch
|
Batting: LHB José Torres
|
0-0: Called Strike 0-1: Swinging Strike 0-2: Strikes out swinging
|
Batting: RHB Kevin Brown
|
0-0: SINGLE (Flyball, 6MD) Noriaki Sangi to second
|
Batting: RHB José Aranda
|
0-0: Foul Ball, location: 2F 0-1: Ball 1-1: Swinging Strike 1-2: Ball 2-2: Foul Ball, location: 2F 2-2: SINGLE (Groundball, 56D) Noriaki Sangi to third Kevin Brown to second Runner from 3rd tries for Home, SAFE, throw made home Kevin Brown to third José Aranda to second
|
Batting: RHB John Nelson
|
0-0: Foul Ball, location: 2F 0-1: Ground out 5-3 (Groundball, 56S) Kevin Brown scores José Aranda to third
|
Batting: RHB Tim Davis
|
0-0: Called Strike 0-1: Ball 1-1: Swinging Strike 1-2: Ball 2-2: Strikes out swinging
|
Top of the 2nd over - 2 run(s), 2 hit(s), 0 error(s), 1 left on base; Chula Vista 2 - Saskatoon 0 |
BOTTOM OF THE 2ND |
Saskatoon Smokin' Guns batting - Pitching for Chula Vista Tacos : RHP Kitahachi Ine
|
Batting: RHB António Yánez
|
0-0: Swinging Strike 0-1: Ball 1-1: Ball 2-1: Swinging Strike 2-2: Ball 3-2: Base on Balls
|
Batting: RHB Oliver Harris
|
0-0: Swinging Strike 0-1: Ball 1-1: Ball 2-1: Ball 3-1: Base on Balls António Yánez to second
|
Batting: RHB Xavier López
|
0-0: Foul Ball, location: 2F 0-1: Swinging Strike 0-2: Ball 1-2: Strikes out swinging
|
Batting: RHB Alvin Hampton
|
0-0: Foul Ball, location: 2F 0-1: Ball 1-1: Swinging Strike 1-2: Strikes out swinging
|
Batting: RHB Jason O'Toole
|
0-0: Ball 1-0: Called Strike 1-1: Ground out 5-3 (Groundball, 5L)
|
Bottom of the 2nd over - 0 run(s), 0 hit(s), 0 error(s), 2 left on base; Chula Vista 2 - Saskatoon 0 |
TOP OF THE 3RD |
Chula Vista Tacos batting - Pitching for Saskatoon Smokin' Guns : RHP Luis Trujillo
|
Batting: SHB Adrián Nieto
|
0-0: Ball 1-0: Foul Ball, location: 2F 1-1: Ball 2-1: Foul Ball, location: 2F 2-2: Foul Ball, location: 2F 2-2: Ball 3-2: Foul Ball, location: 2F 3-2: Ground out 3-1 (Groundball, 34)
|
Batting: RHB Jorge Collazo
|
0-0: Called Strike 0-1: Reached on error, E6 (Groundball, 6)
|
Batting: RHB Scott Green
|
0-0: Called Strike 0-1: Ball 1-1: Ball 2-1: DOUBLE (Flyball, 7M) Jorge Collazo to third
|
Batting: LHB Noriaki Sangi
|
0-0: Swinging Strike 0-1: Fly out, F8 (Flyball, 8LXD) Runner from 3rd tags up, SCORES, no throw Scott Green to third
|
Batting: LHB José Torres
|
0-0: Foul Ball, location: 2F 0-1: SINGLE (Line Drive, 6MD) Scott Green scores
|
Batting: RHB Kevin Brown
|
0-0: Ball José Torres steals 2nd base 1-0: Ball 2-0: Ball 3-0: Base on Balls
|
Batting: RHB José Aranda
|
0-0: Ball 1-0: Ball 2-0: Ball 3-0: Called Strike 3-1: Base on Balls José Torres to third Kevin Brown to second
|
Batting: RHB John Nelson
|
0-0: Ball 1-0: Called Strike 1-1: Ball 2-1: Called Strike 2-2: Ball 3-2: Foul Ball, location: 2F 3-2: Strikes out swinging
|
Top of the 3rd over - 2 run(s), 2 hit(s), 1 error(s), 3 left on base; Chula Vista 4 - Saskatoon 0 |
BOTTOM OF THE 3RD |
Saskatoon Smokin' Guns batting - Pitching for Chula Vista Tacos : RHP Kitahachi Ine
|
Batting: LHB Andrew Veeck
|
0-0: Called Strike 0-1: Ball 1-1: Swinging Strike 1-2: Ball 2-2: Foul Ball, location: 2F 2-2: Ball 3-2: Base on Balls
|
Batting: RHB Eric Neal
|
0-0: Fly out, F6 (Popup, 6MS)
|
Batting: LHB Russell Peck
|
0-0: Ball 1-0: Foul Ball, location: 2F 1-1: Swinging Strike 1-2: Fielders Choice at 2nd, 1-6 (Groundball, 13S)
|
Batting: LHB Del Kennedy
|
0-0: Ball 1-0: Swinging Strike 1-1: Called Strike 1-2: Ball Wild Pitch! Russell Peck to second 2-2: Fly out, F9 (Flyball, 89XD)
|
Bottom of the 3rd over - 0 run(s), 0 hit(s), 0 error(s), 1 left on base; Chula Vista 4 - Saskatoon 0 |
TOP OF THE 4TH |
Chula Vista Tacos batting - Pitching for Saskatoon Smokin' Guns : RHP Luis Trujillo
|
Batting: RHB Tim Davis
|
0-0: Called Strike 0-1: Ball 1-1: Foul Ball, location: 2F 1-2: SINGLE (Line Drive, 7LS)
|
Batting: SHB Adrián Nieto
|
0-0: Called Strike 0-1: Called Strike 0-2: Ball Tim Davis steals 2nd base 1-2: Ball 2-2: Ball Wild Pitch! Tim Davis to third 3-2: Ground out 4-3 (Groundball, 34) Tim Davis scores
|
Batting: RHB Jorge Collazo
|
0-0: Ball 1-0: Foul Ball, location: 2F 1-1: Ball 2-1: Foul Ball, location: 2F 2-2: Ball 3-2: Base on Balls
|
Batting: RHB Scott Green
|
0-0: Ball 1-0: Foul Ball, location: 2F 1-1: Ball 2-1: Foul Ball, location: 2F 2-2: Fly out, F3 (Popup, 4MS)
|
Pitching: RHP Bernie Titus
|
|
Batting: LHB Noriaki Sangi
|
0-0: Called Strike 0-1: Ball 1-1: Ball 2-1: Called Strike 2-2: Fly out, F3 (Line Drive, 34S)
|
Top of the 4th over - 1 run(s), 1 hit(s), 0 error(s), 1 left on base; Chula Vista 5 - Saskatoon 0 |
BOTTOM OF THE 4TH |
Saskatoon Smokin' Guns batting - Pitching for Chula Vista Tacos : RHP Kitahachi Ine
|
Batting: RHB António Yánez
|
0-0: Ball 1-0: Called Strike 1-1: Ball 2-1: Ball 3-1: Base on Balls
|
Batting: RHB Oliver Harris
|
0-0: Called Strike 0-1: Swinging Strike 0-2: Foul Ball, location: 2F 0-2: Strikes out swinging
|
Batting: RHB Xavier López
|
0-0: Swinging Strike 0-1: SINGLE (Line Drive, 5D) António Yánez to second
|
Batting: RHB Alvin Hampton
|
0-0: Grounds into double play, 1-6-3 (Groundball, 13)
|
Bottom of the 4th over - 0 run(s), 1 hit(s), 0 error(s), 1 left on base; Chula Vista 5 - Saskatoon 0 |
TOP OF THE 5TH |
Chula Vista Tacos batting - Pitching for Saskatoon Smokin' Guns : RHP Bernie Titus
|
Batting: LHB José Torres
|
0-0: Called Strike 0-1: Swinging Strike 0-2: Ground out 6-3 (Groundball, 6M)
|
Batting: RHB Kevin Brown
|
0-0: Ball 1-0: Called Strike 1-1: Ground out 5-3 (Groundball, 56)
|
Batting: RHB José Aranda
|
0-0: Fly out, F9 (Popup, 9LS)
|
Top of the 5th over - 0 run(s), 0 hit(s), 0 error(s), 0 left on base; Chula Vista 5 - Saskatoon 0 |
BOTTOM OF THE 5TH |
Saskatoon Smokin' Guns batting - Pitching for Chula Vista Tacos : RHP Kitahachi Ine
|
Batting: RHB Jason O'Toole
|
0-0: Ball 1-0: Ball 2-0: Ball 3-0: Called Strike 3-1: Base on Balls
|
Batting: LHB Andrew Veeck
|
0-0: Ball 1-0: Called Strike 1-1: SINGLE (Groundball, 56D) Jason O'Toole to second
|
Batting: RHB Eric Neal
|
0-0: Swinging Strike 0-1: Fly out, F4 (Line Drive, 4M)
|
Batting: LHB Russell Peck
|
0-0: Ball 1-0: Foul Ball, location: 2F 1-1: Ball Jason O'Toole steals 3rd base Andrew Veeck to second 2-1: SINGLE (Line Drive, 8LS) Jason O'Toole scores Andrew Veeck to third Runner from 3rd tries for Home, SAFE, no throw or cutoff
|
Batting: LHB Del Kennedy
|
0-0: Ball 1-0: Fly out, F8 (Line Drive, 8RD)
|
Batting: RHB António Yánez
|
0-0: Ball 1-0: Ball 2-0: Fielders Choice at 2nd, 5-4 (Groundball, 56)
|
Bottom of the 5th over - 2 run(s), 2 hit(s), 0 error(s), 0 left on base; Chula Vista 5 - Saskatoon 2 |
TOP OF THE 6TH |
Chula Vista Tacos batting - Pitching for Saskatoon Smokin' Guns : RHP Bernie Titus
|
Batting: RHB John Nelson
|
0-0: Ground out 5-3 (Groundball, 56)
|
Batting: RHB Tim Davis
|
0-0: Called Strike 0-1: Ball 1-1: Foul Ball, location: 2F 1-2: Strikes out swinging
|
Batting: SHB Adrián Nieto
|
0-0: Ball 1-0: Reached on error, E6 (Groundball, 6)
|
Batting: RHB Jorge Collazo
|
0-0: Ball 1-0: Ground out 4-3 (Groundball, 4)
|
Top of the 6th over - 0 run(s), 0 hit(s), 1 error(s), 1 left on base; Chula Vista 5 - Saskatoon 2 |
BOTTOM OF THE 6TH |
Saskatoon Smokin' Guns batting - Pitching for Chula Vista Tacos : RHP Kitahachi Ine
|
Batting: RHB Oliver Harris
|
0-0: Foul Ball, location: 2F 0-1: Reached on Error, E8 (Flyball, 8RM)
|
Batting: RHB Xavier López
|
0-0: Ball 1-0: Ground out 5-3 (Groundball, 15S) Oliver Harris to second
|
Batting: RHB Alvin Hampton
|
0-0: Foul Ball, location: 2F 0-1: Ball 1-1: SINGLE (Groundball, 6MD) Oliver Harris to third Runner from 3rd tries for Home, SAFE, throw made home
|
Pitching: LHP Raymond Ritchie
|
|
Batting: RHB Jason O'Toole
|
0-0: Foul Ball, location: 2F 0-1: Foul Ball, location: 2F 0-2: TRIPLE (Flyball, 9M) Alvin Hampton scores
|
Batting: LHB Andrew Veeck
|
0-0: Ball 1-0: Ball 2-0: Called Strike 2-1: Ground out 3-1 (Groundball, 3)
|
Batting: RHB Eric Neal
|
0-0: Ground out 5-3 (Groundball, 5)
|
Bottom of the 6th over - 2 run(s), 2 hit(s), 1 error(s), 1 left on base; Chula Vista 5 - Saskatoon 4 |
TOP OF THE 7TH |
Chula Vista Tacos batting - Pitching for Saskatoon Smokin' Guns : RHP Bernie Titus
|
Pitching: RHP Allen Collins
|
|
Batting: RHB Scott Green
|
0-0: Called Strike 0-1: Fly out, F7 (Flyball, 78M)
|
Batting: LHB Noriaki Sangi
|
0-0: Foul Ball, location: 2F 0-1: Ball 1-1: Ball 2-1: Fly out, F8 (Flyball, 8RD)
|
Batting: LHB José Torres
|
0-0: Called Strike 0-1: Ball 1-1: Ball 2-1: Ground out U3 (Groundball, 3L)
|
Top of the 7th over - 0 run(s), 0 hit(s), 0 error(s), 0 left on base; Chula Vista 5 - Saskatoon 4 |
BOTTOM OF THE 7TH |
Saskatoon Smokin' Guns batting - Pitching for Chula Vista Tacos : LHP Raymond Ritchie
|
Batting: LHB Russell Peck
|
0-0: Ball 1-0: Swinging Strike 1-1: Fly out, F9 (Flyball, 9M)
|
Batting: LHB Del Kennedy
|
0-0: Foul Ball, location: 2F 0-1: SINGLE (Popup, 34D)
|
Batting: RHB António Yánez
|
0-0: Swinging Strike 0-1: Ball 1-1: Ball 2-1: Ball 3-1: Base on Balls Del Kennedy to second
|
Batting: RHB Oliver Harris
|
0-0: Called Strike Del Kennedy steals 3rd base António Yánez to second 0-1: Ball 1-1: Ball 2-1: Ball 3-1: Foul Ball, location: 2F 3-2: Strikes out swinging
|
Pinch Hitting: RHB Gary Spencer
|
0-0: Swinging Strike 0-1: SINGLE (Line Drive, 9S) Del Kennedy scores António Yánez to third Runner from 3rd tries for Home, SAFE, no throw or cutoff
|
Batting: RHB Alvin Hampton
|
0-0: Called Strike 0-1: SINGLE (Line Drive, 6MD) Gary Spencer to second
|
Pinch Hitting: RHB Pedro Núńez
|
0-0: Swinging Strike 0-1: Called Strike 0-2: Fly out, F9 (Popup, 34D)
|
Bottom of the 7th over - 2 run(s), 3 hit(s), 0 error(s), 2 left on base; Chula Vista 5 - Saskatoon 6 |
TOP OF THE 8TH |
Chula Vista Tacos batting - Pitching for Saskatoon Smokin' Guns : RHP Allen Collins
|
Now at 1B: Pedro Núńez
|
|
Now in CF: Chris Richards
|
|
Batting: RHB Kevin Brown
|
0-0: Ball 1-0: Called Strike 1-1: SINGLE (Groundball, 56D) (infield hit)
|
Pinch Hitting: RHB Dave O'Neil
|
0-0: Ball 1-0: Ball 2-0: Bunted foul 2-1: Ball 3-1: Bunted foul 3-2: Base on Balls Kevin Brown to second
|
Pinch Hitting: SHB Brian Price
|
0-0: Grounds into double play, 4-6-3 (Groundball, 4) Kevin Brown to third
|
Pinch Hitting: LHB Jaime Icaza
|
0-0: Ball 1-0: Called Strike 1-1: Ball 2-1: Foul Ball, location: 2F 2-2: Ball 3-2: DOUBLE (Flyball, 7LM) Kevin Brown scores
|
Batting: SHB Adrián Nieto
|
0-0: Reached on error, E5 (Groundball, 56) Jaime Icaza to third
|
Batting: RHB Jorge Collazo
|
0-0: Ball 1-0: Ball 2-0: Foul Ball, location: 2F 2-1: Ball 3-1: Foul Ball, location: 2F 3-2: Base on Balls Adrián Nieto to second
|
Batting: RHB Scott Green
|
0-0: Ball 1-0: Called Strike 1-1: Foul Ball, location: 2F 1-2: Ball 2-2: Ball 3-2: Base on Balls Jaime Icaza scores Adrián Nieto to third Jorge Collazo to second
|
Batting: LHB Noriaki Sangi
|
0-0: Called Strike 0-1: Ball 1-1: Ball 2-1: Ball 3-1: Base on Balls Adrián Nieto scores Jorge Collazo to third Scott Green to second
|
Pitching: RHP Lorenzo Montáńez
|
|
Batting: LHB José Torres
|
0-0: Ball 1-0: Called Strike 1-1: Ball 2-1: Ball 3-1: Foul Ball, location: 2F 3-2: Strikes out swinging
|
Top of the 8th over - 3 run(s), 2 hit(s), 1 error(s), 3 left on base; Chula Vista 8 - Saskatoon 6 |
BOTTOM OF THE 8TH |
Saskatoon Smokin' Guns batting - Pitching for Chula Vista Tacos : LHP Raymond Ritchie
|
Pitching: RHP Doug Singleton
|
|
Now at 3B: Brian Price
|
|
Now at SS: Dave O'Neil
|
|
Now in LF: Jaime Icaza
|
|
Now in RF: Francisco Rúbio
|
|
Batting: LHB Andrew Veeck
|
0-0: Ball 1-0: Ground out 6-3 (Groundball, 6M)
|
Batting: RHB Eric Neal
|
0-0: Ball 1-0: Ground out 6-3 (Groundball, 6M)
|
Batting: LHB Russell Peck
|
0-0: DOUBLE (Line Drive, 3D)
|
Pitching: LHP Geoff Williams
|
|
Batting: LHB Del Kennedy
|
0-0: Ball 1-0: Called Strike 1-1: Ball 2-1: Foul Ball, location: 2F 2-2: Ball 3-2: Strikes out swinging
|
Bottom of the 8th over - 0 run(s), 1 hit(s), 0 error(s), 1 left on base; Chula Vista 8 - Saskatoon 6 |
TOP OF THE 9TH |
Chula Vista Tacos batting - Pitching for Saskatoon Smokin' Guns : RHP Lorenzo Montáńez
|
Batting: RHB Kevin Brown
|
0-0: Ball 1-0: Ball 2-0: Ball 3-0: Base on Balls
|
Batting: RHB Dave O'Neil
|
0-0: Bunt - Flyout! F1
|
Batting: SHB Brian Price
|
0-0: Called Strike 0-1: Ball 1-1: Foul Ball, location: 2F 1-2: Strikes out swinging
|
Batting: LHB Jaime Icaza
|
0-0: Ground out 1-3 (Groundball, 15)
|
Top of the 9th over - 0 run(s), 0 hit(s), 0 error(s), 1 left on base; Chula Vista 8 - Saskatoon 6 |
BOTTOM OF THE 9TH |
Saskatoon Smokin' Guns batting - Pitching for Chula Vista Tacos : LHP Geoff Williams
|
Pitching: RHP Sidney McElroy
|
|
Batting: RHB António Yánez
|
0-0: Ball 1-0: Called Strike 1-1: Called Strike 1-2: Strikes out looking
|
Batting: RHB Oliver Harris
|
0-0: Ball 1-0: Foul Ball, location: 2F 1-1: Ball 2-1: Called Strike 2-2: SINGLE (Groundball, 56D)
|
Pinch Runner at 1st Luis Suárez:
|
|
Pinch Hitting: RHB Kenny Thompson
|
0-0: Ball 1-0: Foul Ball, location: 2F 1-1: Called Strike 1-2: Strikes out swinging
|
Pitching: LHP Jerry Green
|
|
Batting: RHB Alvin Hampton
|
0-0: Called Strike 0-1: Ball 1-1: Ball 2-1: Ball 3-1: Foul Ball, location: 2F 3-2: Strikes out swinging
|
Bottom of the 9th over - 0 run(s), 1 hit(s), 0 error(s), 1 left on base; Chula Vista 8 - Saskatoon 6 |
|